 Dungeon Crawl Stone Soup version 0.22-a0-410-g97be04f (webtiles) character file.

832 4thArraOfDagon the Chopper (level 7, 0/100 HPs)
             Began as a Deep Dwarf Berserker on May 11, 2018.
             Was a Believer of Trog.
             Slain by a slave (3 damage)
             ... led by Pikel
             ... on level 7 of the Dungeon.
             The game lasted 00:05:01 (862 turns).

4thArraOfDagon the Chopper (Deep Dwarf Berserker)    Turns: 862, Time: 00:05:02

Health: 0/100      AC:  8    Str: 27    XL:     7   Next: 65%
Magic:  7/7        EV: 13    Int:  8    God:    Trog [**....]
Gold:   68         SH:  0    Dex: 12    Spells: 6/6 levels left

rFire    . . .     SeeInvis .   d - +0 broad axe
rCold    . . .     Gourm    .   (no shield)
rNeg     . . .     Faith    .   h - +0 ring mail (curse)
rPois    .         Spirit   .   (no helmet)
rElec    .         Reflect  .   (no cloak)
rCorr    .         Harm     .   (no gloves)
MR       +....                  (no boots)
Stlth    ..........             j - amulet of regeneration
HPRegen  0.00/turn              f - +3 ring of protection
MPRegen  0.10/turn              n - +2 ring of protection

@: berserking, corroded, non-regenerating, very quick
A: damage resistance, heal wounds, rugged brown scales 1, sense surroundings 1,
MP-powered wands, no regeneration
a: Heal Wounds, Berserk, Trog's Hand, Renounce Religion


You were on level 7 of the Dungeon.
You worshipped Trog.
Trog was pleased with you.
You were hungry.

You visited 1 branch of the dungeon, and saw 7 of its levels.

You collected 200 gold pieces.
You spent 132 gold pieces at shops.

Inventory:

Hand Weapons
 a - a +0 hand axe
 d - a +0 broad axe (weapon)
Armour
 b - a +0 animal skin
 e - a +0 ring mail
 g - a cursed +0 chain mail
 h - a cursed +0 ring mail (worn)
Jewellery
 f - a +3 ring of protection (left hand)
 j - an amulet of regeneration (around neck)
 n - a +2 ring of protection (right hand)
 o - an uncursed ring of magical power
Wands
 p - a wand of acid (8)
 q - a wand of random effects (26)
Scrolls
 k - a scroll of enchant weapon
Potions
 l - 2 potions of might
 m - 2 potions of heal wounds
 r - a potion of haste {unknown}
Comestibles
 c - 2 rations
 i - a chunk of flesh


   Skills:
 + Level 4.4 Fighting
 * Level 6.8 Axes
 + Level 4.7 Armour
 + Level 4.7 Dodging


You had 6 spell levels left.
You didn't know any spells.

Dungeon Overview and Level Annotations

Branches:
Dungeon (7/15)
 Temple: D:4-7

Altars:
Sif Muna
Xom

Shops:
D:7 *

Annotations:
D:7 Pikel


Innate Abilities, Weirdness & Mutations

You are resistant to damage.
You can heal yourself by infusing magical energy.
You passively map a small area around you.
You do not regenerate.
You are partially covered in rugged brown scales. (AC +1, +3% HP)
You expend magic power (3 MP) to strengthen your wands.


Message History

You miss the slave. The slave hits you!
* * * LOW HITPOINT WARNING * * *
The slave hits you but does no damage. The slave closely misses you.
Pikel closely misses you.
Unknown command.
Unknown command.
You closely miss Pikel. You barely miss the slave. You closely miss the slave.
You slash the slave! The slave hits you but does no damage.
The slave barely misses you. x2
Unknown command.
Unknown command.
Unknown command.
You closely miss Pikel. You closely miss the slave. You barely miss the slave.
You slash the slave!
You kill the slave!
That felt strangely unrewarding.
Pikel hits you but does no damage.
You are electrocuted!
* * * LOW HITPOINT WARNING * * *
The slave hits you.
You die...

, , , , * ## ** * , ..
..... ,,, , * * #.# #.#.#
, , , ,, #.# ##.#.#### ,,
, ** #.####.......#* * *
#............#
#...........[#####.# ,
#...........@pg..$.. *
#..........[Kp......
#..(.........g...... , **
#............#..g... ,
#............#..g...
######...........#......,
........∩...#.####,.....
#######...#.#.#* $....
#...#.#.. ,


You could see Pikel, 2 slaves and 4 gnolls.

Vanquished Creatures
  2 kobold demonologists (D:6)
  An orc warrior (D:6)
  2 slaves (D:7)
  A bullfrog (D:6)
  A bullfrog zombie (D:5)
  2 orc priests (D:6)
  A worker ant (D:6)
  2 adders
  A shadow imp (D:6)
  An ooze (D:1)
  An adder skeleton (D:6)
  A leopard gecko (D:1)
  4 orcs (D:6)
  A ball python (D:1)
  A hobgoblin (D:1)
  A kobold (D:1)
  3 bats
  A frilled lizard (D:3)
  3 goblins (D:1)
  4 rats
34 creatures vanquished.

Notes
Turn   | Place    | Note
-------+----------+-------------------------------------------
     0 | D:1      | 4thArraOfDagon the Deep Dwarf Berserker began the quest for the Orb.
     0 | D:1      | Reached XP level 1. HP: 20/20 MP: 1/1
   100 | D:1      | Reached XP level 2. HP: 16/27 MP: 2/2
   347 | D:3      | Reached XP level 3. HP: 20/34 MP: 3/3
   401 | D:5      | Entered Level 5 of the Dungeon
   494 | D:6      | Found a deep blue altar of Sif Muna.
   494 | D:6      | Found a shimmering altar of Xom.
   506 | D:6      | Noticed a bullfrog
   520 | D:6      | Killed a bullfrog
   520 | D:6      | Reached skill level 4 in Axes
   520 | D:6      | Reached XP level 4. HP: 37/42 MP: 4/4
   524 | D:6      | Noticed an orc warrior
   562 | D:6      | Killed an orc warrior
   562 | D:6      | Reached skill level 5 in Axes
   562 | D:6      | Reached XP level 5. HP: 43/49 MP: 5/5
   609 | D:5      | Reached ** piety under Trog
   624 | D:5      | Noticed a sky beast
   655 | D:6      | Found a transporter.
   683 | D:6      | Noticed a kobold demonologist
   684 | D:6      | Noticed a kobold demonologist
   695 | D:6      | Noticed a red devil
   696 | D:6      | Reached XP level 6. HP: 41/56 MP: 6/6
   700 | D:6      | Killed a kobold demonologist
   700 | D:6      | Reached skill level 6 in Axes
   700 | D:6      | Reached XP level 7. HP: 46/64 MP: 7/7
   708 | D:6      | Killed a kobold demonologist
   713 | D:6      | Found a transporter.
   805 | D:7      | Found Zaemiod's General Store.
   828 | D:7      | Bought a potion of might for 44 gold pieces
   828 | D:7      | Bought a potion of mutation for 88 gold pieces
   828 | D:7      | Gained mutation: You expend magic power (3 MP) to strengthen your wands. [potion of mutation]
   828 | D:7      | Gained mutation: You are partially covered in rugged brown scales. (AC +1, +3% HP) [potion of mutation]
   851 | D:7      | Noticed Pikel
   862 | D:7      | HP: 3/100 [Pikel/whip of electrocution (15)]
   862 | D:7      | Slain by a slave

Vault maps used:
D:1:      dpeg_arrival_shrine, columned_hall_lemuel, minmay_pentomino_t4
D:2:      chequers_ecumenical_altar_simple_redux, minmay_joined_circles
D:3:      elyvilon_altar_5, trog_hazing_becter, uniq_sigmund, uniq_jessica,
          uniq_ijyb
D:4:      grunt_temple_overflow_cloverleaf, temple_green, first_ration
D:5:      kennysheep_mini_moat
D:6:      gammafunk_wand_slinger, makhleb_grotto_becter,
          evilmike_ruin_ashenzari, gammafunk_temple_overflow_wave,
          kiku_gazebo_garden_becter
D:7:      kennysheep_mini, lemuel_crystal_altar, serial_shops, shop_coins,
          uniq_pikel, uniq_joseph

Skill      XL: |  1  2  3  4  5  6 |
---------------+-------------------+-----
Fighting       | 3 4 |  4.4
Axes           | 4 5 6 |  6.8
Armour         | 3 4 |  4.7
Dodging        | 3 4 |  4.7

Action                   |  1- 3 |  4- 6 |  7- 9 || total
-------------------------+-------+-------+-------++-------
Melee: Hand axe          |    77 |     8 |       ||    85
       Broad axe         |       |     9 |    22 ||    31
Invok: Berserk           |     4 |     1 |     1 ||     6
       Trog's Hand       |       |     1 |     1 ||     2
Evoke: Wand              |       |     5 |     5 ||    10
  Use: Potion            |       |     3 |     1 ||     4
       Scroll            |       |     2 |       ||     2
  Eat: Chunk             |     1 |     4 |     1 ||     6
Armor: Ring mail         |    39 |     8 |    12 ||    59
       Animal skin       |     4 |       |       ||     4
Dodge: Dodged            |    68 |    16 |    19 ||   103

Table legend:
 A = Spawn XP
 B = Non-spawn XP
 C = Spawn XP percentage of total XP
 D = Spawn monster count
 E = Non-spawn monster count
 F = Spawn count percentage of total count
 G = Total turns spent on level
                    A         B        C        D         E        F      G
               +---------+---------+-------+---------+---------+-------+---------
         Total |       0 |    1189 |   0.0 |       0 |      32 |   0.0 |   862
               +---------+---------+-------+---------+---------+-------+---------
           D:1 |       0 |      25 |   0.0 |       0 |      13 |   0.0 |   177
           D:2 |       0 |      15 |   0.0 |       0 |       3 |   0.0 |   164
           D:3 |       0 |      14 |   0.0 |       0 |       2 |   0.0 |    33
           D:5 |       0 |      48 |   0.0 |       0 |       1 |   0.0 |   122
           D:6 |       0 |    1087 |   0.0 |       0 |      13 |   0.0 |   263
               +---------+---------+-------+---------+---------+-------+---------
